Workbook
Name Balance_Sheet_Output: Summary!$I$3:$N$64
Name CHANGE: Sheet2!$B$3:$B$5
Name Input_page: Summary!$B$3:$G$93

Sheet Cover Page
C5: FINANCIAL ACCOUNTING
C6: SPREADSHEET PROJECT
C7: Fall 2018
A10: Company name | C10: John Deere
A11: Ticker | C11: DE
A13: Current year-end | C13: 10/29/17
A14: Prior year-end | C14: 10/31/16
A15: Base year-end | C15: 10/31/15
A17: Prepared By: | C17: Minja Gligic
A18: Date: | C18: 10/29/2018

Sheet Summary
C3: STEP #1 CONDENSED FINANCIAL STATEMENTS | J3: STEP #2 BALANCE SHEET ANALYSIS | Q3: STEP #3 INCOME STATEMENT ANALYSIS | X3: STEP #4 INDUSTRY FINANCIAL RATIOS
C4: ='Cover Page'!C10 -> John Deere | J4: =C4 -> John Deere | Q4: =J4 -> John Deere | X4: =Q4 -> John Deere
C6: Condensed - Balance Sheet | J6: Common-Sized Balance Sheet | Q6: Common-Sized Income Statement | X6: Industry Ratios
C8: $ in millions (one decimal place) | D8: Current Year-end | E8: Prior Year-end | F8: Base Year-end | J8: Percentage two decimal places | K8: Current Year-end | L8: Prior Year-end | M8: Base Year-end | Q8: Percentage two decimal places | R8: Current Year-end | S8: Prior Year-end | T8: Base Year-end | AB8: Industry
C9: Current assets | D9: =SUM('Orig BS - Current year'!D3:D6)+'Orig BS - Current year'!D11+'Orig BS - Current year'!D9 -> 18851.4 | E9: =SUM('Orig BS - Current year'!G3:G6,'Orig BS - Current year'!G11,'Orig BS - Current year'!G9) -> 12176.1 | F9: =SUM('Orig BS - Prior year'!G3:G6,'Orig BS - Prior year'!G9,'Orig BS - Prior year'!G11) -> 12492.2 | J9: Current assets | K9: =D9/D13 -> 0.2865551 | L9: =E9/E13 -> 0.21022817 | M9: =F9/F13 -> 0.21557752 | Q9: Net sales | R9: 1 | S9: 1 | T9: 1 | X9: Title of Ratio | AB9: Ratios
C10: Property, plant, and equipment, net | D10: ='Orig BS - Current year'!D12+'Orig BS - Current year'!D10 -> 11661.4 | E10: =SUM('Orig BS - Current year'!G10,'Orig BS - Current year'!G12) -> 11072.1 | F10: =SUM('Orig BS - Prior year'!G10,'Orig BS - Prior year'!G12) -> 10151.9 | J10: Property, plant, and equipment, net | K10: =D10/D13 -> 0.17726183 | L10: =E10/E13 -> 0.1911669 | M10: =F10/F13 -> 0.17519103 | Q10: Cost of goods sold | R10: =D37/D36 -> 0.67031075 | S10: =E37/E36 -> 0.68491593 | T10: =F37/F36 -> 0.69789487 | X10: Profitability Ratios
C11: Goodwill and other intangible assets | D11: ='Orig BS - Current year'!D14+'Orig BS - Current year'!D15 -> 1251.3 | E11: =SUM('Orig BS - Current year'!G14:G15) -> 919.8 | F11: =SUM('Orig BS - Prior year'!G14:G15) -> 789.6 | J11: Goodwill and other intangible assets | K11: =D11/D13 -> 0.019020678 | L11: =E11/E13 -> 0.015880936 | M11: =F11/F13 -> 0.013626104 | Q11: Gross profit | R11: =D38/D36 -> 0.32968925 | S11: =E38/E36 -> 0.31508407 | T11: =F38/F36 -> 0.30210513 | X11: Return on sales (ROS) | AB11: N/A | AC11: (a)
C12: Other assets | D12: ='Orig BS - Current year'!D7+'Orig BS - Current year'!D18+'Orig BS - Current year'!D17+'Orig BS - Current year'!D8+'Orig BS - Current year'!D16+'Orig BS - Current year'!D13 -> 34022.2 | E12: =SUM('Orig BS - Current year'!G7,'Orig BS - Current year'!G8,'Orig BS - Current year'!G13,'Orig BS - Current year'!G16,'Orig BS - Current year'!G17,'Orig BS - Current year'!G18) -> 33750.5 | F12: =SUM('Orig BS - Prior year'!G7,'Orig BS - Prior year'!G8,'Orig BS - Prior year'!G13,'Orig BS - Prior year'!G16,'Orig BS - Prior year'!G17,'Orig BS - Prior year'!G18) -> 34513.9 | J12: Other assets | K12: =D12/D13 -> 0.51716239 | L12: =E12/E13 -> 0.582724 | M12: =F12/F13 -> 0.59560534 | Q12: Operating expenses | R12: =D39/D36 -> 0.19338752 | S12: =E39/E36 -> 0.20295001 | T12: =F39/F36 -> 0.18222418 | X12: Return on assets (ROA) | AB12: 0.0356 | AC12: (a)
C13: Total assets | D13: =SUM('Orig BS - Current year'!D3:D18) -> 65786.3 | E13: =SUM('Orig BS - Current year'!G3:G18) -> 57918.5 | F13: =SUM('Orig BS - Prior year'!G3:G18) -> 57947.6 | J13: Total assets | K13: 1 | L13: 1 | M13: 1 | Q13: Operating Income | R13: =D40/D36 -> 0.13630173 | S13: =E40/E36 -> 0.11213406 | T13: =F40/F36 -> 0.11988095 | X13: Return on equity (ROE) | AB13: 0.205 | AC13: (a)
Q14: Non-operating revenues and (expenses) | R14: =D41/D36 -> -0.0302478 | S14: =E41/E36 -> -0.028663114 | T14: =F41/F36 -> -0.023559738 | X14: Asset Management Efficiency Ratios
C15: Current liabilities | D15: =SUM('Orig BS - Current year'!D26:D29) -> 22692.9 | E15: =SUM('Orig BS - Current year'!G26:G29) -> 19230.2 | F15: =SUM('Orig BS - Prior year'!G26:G29) -> 20408.7 | J15: Current liabilities | K15: =D15/SUM(D17,D21) -> 0.34494872 | L15: =E15/SUM(E17,E21) -> 0.33202172 | M15: =F15/SUM(F17,F21) -> 0.35219233 | Q15: Income / (loss) before income taxes | R15: =D42/D36 -> 0.10605393 | S15: =E42/E36 -> 0.08347095 | T15: =F42/F36 -> 0.096321216 | X15: Accounts receivable turnover | AB15: N/A | AC15: (b)
C16: Long-term & other non-current liabilities | D16: =SUM('Orig BS - Current year'!D30:D32) -> 33518.9 | E16: =SUM('Orig BS - Current year'!G30:G32) -> 32143.5 | F16: =SUM('Orig BS - Prior year'!G30:G32) -> 30781.3 | J16: Long-term & other non-current liabilities | K16: =D16/(SUM(D17,D21)) -> 0.50951186 | L16: =E16/(SUM(E17,E21)) -> 0.55497812 | M16: =F16/(SUM(F17,F21)) -> 0.53119197 | Q16: Provision (Benefit) for income tax | R16: =D43/D36 -> 0.032655518 | S16: =E43/E36 -> 0.026276085 | T16: =F43/F36 -> 0.02910667 | X16: Inventory turnover | AB16: 3.59 | AC16: (b)
C17: Total liabilities | D17: =SUM('Orig BS - Current year'!D26:D32) -> 56211.8 | E17: =SUM('Orig BS - Current year'!G26:G32) -> 51373.7 | F17: =SUM('Orig BS - Prior year'!G26:G32) -> 51190 | J17: Total liabilities | K17: =D17/(SUM(D17,D21)) -> 0.85446058 | L17: =E17/(SUM(E17,E21)) -> 0.88699984 | M17: =F17/(SUM(F17,F21)) -> 0.8833843 | Q17: Income / (loss) from continuing operations | R17: =D44/D36 -> 0.073398413 | S17: =E44/E36 -> 0.057194866 | T17: =F44/F36 -> 0.067214546 | X17: Asset turnover | AB17: 0.62 | AC17: (b)
C18: Contributed capital | D18: =SUM('Orig BS - Current year'!D39) -> 4280.5 | E18: =SUM('Orig BS - Current year'!G39) -> 3911.8 | F18: =SUM('Orig BS - Prior year'!G39) -> 3825.6 | J18: Contributed capital | K18: =D18/SUM(D17,D21) -> 0.065066739 | L18: =E18/SUM(E17,E21) -> 0.067539733 | M18: =F18/SUM(F17,F21) -> 0.066018265 | Q18: Nonrecurring items, income / (loss) | R18: =D45/D36 -> -0.00079024269 | S18: =E45/E36 -> -9.0076565e-05 | T18: =F45/F36 -> 3.1182006e-05 | X18: Liquidity Ratios
C19: Retained earnings | D19: =SUM('Orig BS - Current year'!D42) -> 25301.3 | E19: =SUM('Orig BS - Current year'!G42) -> 23911.3 | F19: =SUM('Orig BS - Prior year'!G42) -> 23144.8 | J19: Retained earnings | K19: =D19/SUM(D17,D21) -> 0.38459831 | L19: =E19/SUM(E17,E21) -> 0.41284391 | M19: =F19/SUM(F17,F21) -> 0.39940912 | Q19: Net income | R19: =D46/D36 -> 0.072608171 | S19: =E46/E36 -> 0.057104789 | T19: =F46/F36 -> 0.067245728 | X19: Current ratio | AB19: 1.24 | AC19: (a)
C20: Treasury stock and other equity | D20: =SUM('Orig BS - Current year'!D41)+'Orig BS - Current year'!D43+'Orig BS - Current year'!D37+'Orig BS - Current year'!D46 -> -20007.3 | E20: =SUM('Orig BS - Current year'!G41+'Orig BS - Current year'!G43)+'Orig BS - Current year'!G37+'Orig BS - Current year'!G46 -> -21278.3 | F20: =SUM('Orig BS - Prior year'!G37+'Orig BS - Prior year'!G41+'Orig BS - Prior year'!G43+'Orig BS - Prior year'!G46) -> -20212.8 | J20: Treasury stock and other equity | K20: =D20/SUM(D17,D21) -> -0.30412563 | L20: =E20/SUM(E17,E21) -> -0.36738348 | M20: =F20/SUM(F17,F21) -> -0.34881169 | X20: Long-term Solvency Ratios
C21: Total equity | D21: =SUM('Orig BS - Current year'!D39:D43)+'Orig BS - Current year'!D46+'Orig BS - Current year'!D37 -> 9574.5 | E21: =SUM('Orig BS - Current year'!G39:G43)+'Orig BS - Current year'!G37+'Orig BS - Current year'!G46 -> 6544.8 | F21: =SUM('Orig BS - Prior year'!G39:G43,'Orig BS - Prior year'!G46) -> 6757.6 | J21: Total equity | K21: =D21/(SUM(D17,D21)) -> 0.14553942 | L21: =E21/(SUM(E17,E21)) -> 0.11300016 | M21: =F21/(SUM(F17,F21)) -> 0.1166157 | Q21: Checks - Income Statement | X21: Debt ratio | AB21: N/A | AC21: (a)
Q22: Gross Profit | R22: =IF((ROUND((R9-R10),2))=(ROUND(R11,2)),"","INCORRECT") | S22: =IF((ROUND((S9-S10),2))=(ROUND(S11,2)),"","INCORRECT") | T22: =IF((ROUND((T9-T10),2))=(ROUND(T11,2)),"","INCORRECT") | X22: Financial leverage | AB22: 5.83 | AC22: (b)
C23: Checks - Balance Sheet | J23: Checks - Common Sized Balance Sheet | Q23: Operating income / (loss) | R23: =IF((ROUND((R11-R12),2))=(ROUND(R13,2)),"","INCORRECT") | S23: =IF((ROUND((S11-S12),2))=(ROUND(S13,2)),"","INCORRECT") | T23: =IF((ROUND((T11-T12),2))=(ROUND(T13,2)),"","INCORRECT")
C24: Total assets | D24: =IF((ROUND(SUM(D9:D12),2))=(ROUND(D13,2)),"","INCORRECT") | E24: =IF((ROUND(SUM(E9:E12),2))=(ROUND(E13,2)),"","INCORRECT") | F24: =IF((ROUND(SUM(F9:F12),2))=(ROUND(F13,2)),"","INCORRECT") | J24: Total assets | K24: =IF((ROUND(SUM(K9:K12),2))=(ROUND(K13,2)),"","INCORRECT") | L24: =IF((ROUND(SUM(L9:L12),2))=(ROUND(L13,2)),"","INCORRECT") | M24: =IF((ROUND(SUM(M9:M12),2))=(ROUND(M13,2)),"","INCORRECT") | Q24: Income / (loss) before income taxes | R24: =IF((ROUND((R13+R14),2))=(ROUND(R15,2)),"","INCORRECT") | S24: =IF((ROUND((S13+S14),2))=(ROUND(S15,2)),"","INCORRECT") | T24: =IF((ROUND((T13+T14),2))=(ROUND(T15,2)),"","INCORRECT") | X24: Industry Name (from msn.money.com): | Z24: Farm & Construction equipment
C25: Total liabilities | D25: =IF((ROUND(SUM(D15:D16),2))=(ROUND(D17,2)),"","INCORRECT") | E25: =IF((ROUND(SUM(E15:E16),2))=(ROUND(E17,2)),"","INCORRECT") | F25: =IF((ROUND(SUM(F15:F16),2))=(ROUND(F17,2)),"","INCORRECT") | J25: Total liabilities | K25: =IF((ROUND(SUM(K15:K16),2))=(ROUND(K17,2)),"","INCORRECT") | L25: =IF((ROUND(SUM(L15:L16),2))=(ROUND(L17,2)),"","INCORRECT") | M25: =IF((ROUND(SUM(M15:M16),2))=(ROUND(M17,2)),"","INCORRECT") | Q25: Income / (loss) from continuing operations | R25: =IF((ROUND((R15-R16),2))=(ROUND(R17,2)),"","INCORRECT") | S25: =IF((ROUND((S15-S16),2))=(ROUND(S17,2)),"","INCORRECT") | T25: =IF((ROUND((T15-T16),2))=(ROUND(T17,2)),"","INCORRECT")
C26: Total equity | D26: =IF((ROUND(SUM(D18:D20),2))=(ROUND(D21,2)),"","INCORRECT") | E26: =IF((ROUND(SUM(E18:E20),2))=(ROUND(E21,2)),"","INCORRECT") | F26: =IF((ROUND(SUM(F18:F20),2))=(ROUND(F21,2)),"","INCORRECT") | J26: Total equity | K26: =IF((ROUND(SUM(K18:K20),2))=(ROUND(K21,2)),"","INCORRECT") | L26: =IF((ROUND(SUM(L18:L20),2))=(ROUND(L21,2)),"","INCORRECT") | M26: =IF((ROUND(SUM(M18:M20),2))=(ROUND(M21,2)),"","INCORRECT") | Q26: Net income / (loss) | R26: =IF((ROUND((R17+R18),2))=(ROUND(R19,2)),"","INCORRECT") | S26: =IF((ROUND((S17+S18),2))=(ROUND(S19,2)),"","INCORRECT") | T26: =IF((ROUND((T17+T18),2))=(ROUND(T19,2)),"","INCORRECT") | X26: (a) Stated as a percentage - two decimal place
C27: Total Assets = Total liabilities + Total equity | D27: =IF((ROUND((D17+D21),2))=(ROUND(D13,2)),"","INCORRECT") | E27: =IF((ROUND((E17+E21),2))=(ROUND(E13,2)),"","INCORRECT") | F27: =IF((ROUND((F17+F21),2))=(ROUND(F13,2)),"","INCORRECT") | J27: Total Assets = Total liabilities + Total equity | K27: =IF((ROUND((K17+K21),2))=(ROUND(K13,2)),"","INCORRECT") | L27: =IF((ROUND((L17+L21),2))=(ROUND(L13,2)),"","INCORRECT") | M27: =IF((ROUND((M17+M21),2))=(ROUND(M13,2)),"","INCORRECT") | X27: (b) Stated as a factor - two decimal place
X31: STEP #5 COMPANY FINANCIAL RATIOS
X32: =Q4 -> John Deere
C33: Condensed - Income Statement | J33: Trend Analysis - Balance Sheet | Q33: Trend Analysis - Income Statement | X33: Company's Ratios
C35: $ in millions (one decimal place) | D35: Current Year-end | E35: Prior Year-end | F35: Base Year-end | J35: Base year at 100 | K35: Current Year-end | L35: Prior Year-end | M35: Base Year-end | Q35: Base year at 100 | R35: Current Year-end | S35: Prior Year-end | T35: Base Year-end | X35: Title of Ratio | Y35: Industry Ratios | Z35: Change | AA35: Company Ratios
C36: Net sales revenue | D36: =SUM('Orig IS'!D3:D5) -> 29737.7 | E36: =SUM('Orig IS'!G3:G5) -> 26644 | F36: =SUM('Orig IS'!J3:J5) -> 28862.8 | J36: Current assets | K36: =D9/F9*100 -> 150.90536 | L36: =E9/F9*100 -> 97.469621 | M36: 100 | Q36: Net sales | R36: =D36/F36*100 -> 103.03124 | S36: =E36/F36*100 -> 92.312596 | T36: 100 | AA36: Current Year-end | AB36: Prior Year-end
C37: Cost of goods sold | D37: =SUM('Orig IS'!D10) -> 19933.5 | E37: =SUM('Orig IS'!G10) -> 18248.9 | F37: =SUM('Orig IS'!J10) -> 20143.2 | J37: Property, plant, and equipment, net | K37: =D10/F10*100 -> 114.86914 | L37: =E10/F10*100 -> 109.06431 | M37: 100 | Q37: Cost of goods sold | R37: =D37/F37*100 -> 98.958954 | S37: =E37/F37*100 -> 90.595834 | T37: 100
C38: Gross profit | D38: ='Orig IS'!D7-'Orig IS'!D10 -> 9804.2 | E38: ='Orig IS'!G7-'Orig IS'!G10 -> 8395.1 | F38: ='Orig IS'!J7-'Orig IS'!J10 -> 8719.6 | J38: Goodwill and other intangible assets | K38: =D11/F11*100 -> 158.47264 | L38: =E11/F11*100 -> 116.48936 | M38: 100 | Q38: Gross profit | R38: =D38/F38*100 -> 112.43864 | S38: =E38/F38*100 -> 96.278499 | T38: 100 | X38: Profitability Ratios (a)
C39: Operating expenses | D39: ='Orig IS'!D11+'Orig IS'!D12+'Orig IS'!D14 -> 5750.9 | E39: ='Orig IS'!G11+'Orig IS'!G12+'Orig IS'!G14 -> 5407.4 | F39: ='Orig IS'!J11+'Orig IS'!J12+'Orig IS'!J14 -> 5259.5 | J39: Other assets | K39: =D12/F12*100 -> 98.575357 | L39: =E12/F12*100 -> 97.788138 | M39: 100 | Q39: Operating expenses | R39: =D39/F39*100 -> 109.34309 | S39: =E39/F39*100 -> 102.81205 | T39: 100 | X39: Return on sales (ROS) | Y39: =AB11 -> N/A | Z39: STRONGER | AA39: =D46/D36 -> 0.072608171 | AB39: =E46/E36 -> 0.057104789 | AC39: (a)
C40: Operating income / (loss) | D40: =D38-D39 -> 4053.3 | E40: =E38-E39 -> 2987.7 | F40: =F38-F39 -> 3460.1 | J40: Total assets | K40: =D13/F13*100 -> 113.52722 | L40: =E13/F13*100 -> 99.949782 | M40: 100 | Q40: Operating Income | R40: =D40/F40*100 -> 117.14401 | S40: =E40/F40*100 -> 86.347215 | T40: 100 | X40: Return on assets (ROA) | Y40: =AB12 -> 0.0356 | Z40: STRONGER | AA40: =D46/D13 -> 0.032821423 | AB40: =E46/E13 -> 0.026269672 | AC40: (a)
C41: Non-operating revenues and (expenses) | D41: =-'Orig IS'!D13 -> -899.5 | E41: =-'Orig IS'!G13 -> -763.7 | F41: =-'Orig IS'!J13 -> -680 | Q41: Non-operating revenues and (expenses) | R41: =D41/F41*100 -> 132.27941 | S41: =E41/F41*100 -> 112.30882 | T41: 100 | X41: Return on equity (ROE) | Y41: =AB13 -> 0.205 | Z41: WEAKER | AA41: =D46/D21 -> 0.22551569 | AB41: =E46/E21 -> 0.23247464 | AC41: (a)
C42: Income / (loss) before income taxes | D42: =D40+D41 -> 3153.8 | E42: =E40+E41 -> 2224 | F42: =F40+F41 -> 2780.1 | J42: Current liabilities | K42: =D15/F15*100 -> 111.19229 | L42: =E15/F15*100 -> 94.225502 | M42: 100 | Q42: Income / (loss) before income taxes | R42: =D42/F42*100 -> 113.44196 | S42: =E42/F42*100 -> 79.997122 | T42: 100 | X42: Asset Management Efficiency Ratios
C43: Provision (Benefit) for income tax | D43: ='Orig IS'!D19 -> 971.1 | E43: ='Orig IS'!G19 -> 700.1 | F43: ='Orig IS'!J19 -> 840.1 | J43: Long-term & other non-current liabilities | K43: =D16/F16*100 -> 108.89371 | L43: =E16/F16*100 -> 104.42541 | M43: 100 | Q43: Provision (Benefit) for income tax | R43: =D43/F43*100 -> 115.59338 | S43: =E43/F43*100 -> 83.335317 | T43: 100 | X43: Accounts receivable turnover | Y43: =AB15 -> N/A | Z43: SELECT | AA43: =D36/SUM('Orig BS - Current year'!D5:D9) -> 0.86387286 | AB43: =E36/SUM('Orig BS - Current year'!G5:G9) -> 0.81046141 | AC43: (b)
C44: Income / (loss) from continuing operations | D44: =D42-D43 -> 2182.7 | E44: =E42-E43 -> 1523.9 | F44: =F42-F43 -> 1940 | J44: Total liabilities | K44: =D17/F17*100 -> 109.81012 | L44: =E17/F17*100 -> 100.35886 | M44: 100 | Q44: Income / (loss) from continuing operations | R44: =D44/F44*100 -> 112.51031 | S44: =E44/F44*100 -> 78.551546 | T44: 100 | X44: Inventory turnover | Y44: =AB16 -> 3.59 | Z44: STRONGER | AA44: =D37/SUM('Orig BS - Current year'!D11) -> 5.1057862 | AB44: =E37/SUM('Orig BS - Current year'!G11) -> 5.4629247 | AC44: (b)
C45: Nonrecurring items, income / (loss) | D45: ='Orig IS'!D22 -> -23.5 | E45: ='Orig IS'!G22 -> -2.4 | F45: ='Orig IS'!J22 -> 0.9 | J45: Contributed capital | K45: =D18/F18*100 -> 111.89095 | L45: =E18/F18*100 -> 102.25324 | M45: 100 | Q45: Nonrecurring items, income / (loss) | R45: =D45/F45*100 -> -2611.1111 | S45: =E45/F45*100 -> -266.66667 | T45: 100 | X45: Asset turnover | Y45: =AB17 -> 0.62 | Z45: WEAKER | AA45: =D36/D13 -> 0.45203485 | AB45: =E36/E13 -> 0.46002573 | AC45: (b)
C46: Net income / (loss) | D46: =D44+D45 -> 2159.2 | E46: =E44+E45 -> 1521.5 | F46: =F44+F45 -> 1940.9 | J46: Retained earnings | K46: =D19/F19*100 -> 109.31743 | L46: =E19/F19*100 -> 103.31176 | M46: 100 | Q46: Net income | R46: =D46/F46*100 -> 111.24736 | S46: =E46/F46*100 -> 78.391468 | T46: 100 | X46: Liquidity Ratios
C47: Earnings per share - Diluted | D47: ='Orig IS'!D33 -> 6.68 | E47: ='Orig IS'!G33 -> 4.81 | F47: ='Orig IS'!J33 -> 5.77 | J47: Treasury stock and other equity | K47: =D20/F20*100 -> 98.983318 | L47: =E20/F20*100 -> 105.27141 | M47: 100 | X47: Current ratio | Y47: =AB19 -> 1.24 | Z47: STRONGER | AA47: =D9/D15 -> 0.83071798 | AB47: =E9/E15 -> 0.63317594 | AC47: (b)
J48: Total equity | K48: =D21/F21*100 -> 141.68492 | L48: =E21/F21*100 -> 96.850953 | M48: 100 | Q48: Checks - Trend Income Statement | X48: Long-term Solvency Ratios
Q49: Net sales | R49: =IF((ROUND((D36/F36*100),0))=(ROUND(R36,0)),"","INCORRECT") | S49: =IF((ROUND((E36/F36*100),0))=(ROUND(S36,0)),"","INCORRECT") | T49: =IF((ROUND((F36/F36*100),0))=(ROUND(T36,0)),"","INCORRECT") | X49: Debt ratio | Y49: =AB21 -> N/A | Z49: STRONGER | AA49: =D17/D13 -> 0.85446058 | AB49: =E17/E13 -> 0.88699984 | AC49: (a)
C50: Checks - Income Statement | J50: Checks - Trend Balance Sheet | Q50: Cost of goods sold | R50: =IF((ROUND((D37/F37*100),0))=(ROUND(R37,0)),"","INCORRECT") | S50: =IF((ROUND((E37/F37*100),0))=(ROUND(S37,0)),"","INCORRECT") | T50: =IF((ROUND((F37/F37*100),0))=(ROUND(T37,0)),"","INCORRECT") | X50: Financial leverage | Y50: =AB22 -> 5.83 | Z50: STRONGER | AA50: =D13/D21 -> 6.8709907 | AB50: =E13/E21 -> 8.8495447 | AC50: (b)
C51: Gross Profit | D51: =IF((ROUND((D36-D37),2))=(ROUND(D38,2)),"","INCORRECT") | E51: =IF((ROUND((E36-E37),2))=(ROUND(E38,2)),"","INCORRECT") | F51: =IF((ROUND((F36-F37),2))=(ROUND(F38,2)),"","INCORRECT") | J51: Current assets | K51: =IF((ROUND((D9/F9*100),0))=(ROUND(K36,0)),"","INCORRECT") | L51: =IF((ROUND((E9/F9*100),0))=(ROUND(L36,0)),"","INCORRECT") | M51: =IF((ROUND((F9/F9*100),0))=(ROUND(M36,0)),"","INCORRECT") | Q51: Gross profit | R51: =IF((ROUND((D38/F38*100),0))=(ROUND(R38,0)),"","INCORRECT") | S51: =IF((ROUND((E38/F38*100),0))=(ROUND(S38,0)),"","INCORRECT") | T51: =IF((ROUND((F38/F38*100),0))=(ROUND(T38,0)),"","INCORRECT")
C52: Operating income / (loss) | D52: =IF((ROUND((D38-D39),2))=(ROUND(D40,2)),"","INCORRECT") | E52: =IF((ROUND((E38-E39),2))=(ROUND(E40,2)),"","INCORRECT") | F52: =IF((ROUND((F38-F39),2))=(ROUND(F40,2)),"","INCORRECT") | J52: Property, plant, and equipment, net | K52: =IF((ROUND((D10/F10*100),0))=(ROUND(K37,0)),"","INCORRECT") | L52: =IF((ROUND((E10/F10*100),0))=(ROUND(L37,0)),"","INCORRECT") | M52: =IF((ROUND((F10/F10*100),0))=(ROUND(M37,0)),"","INCORRECT") | Q52: Operating expenses | R52: =IF((ROUND((D39/F39*100),0))=(ROUND(R39,0)),"","INCORRECT") | S52: =IF((ROUND((E39/F39*100),0))=(ROUND(S39,0)),"","INCORRECT") | T52: =IF((ROUND((F39/F39*100),0))=(ROUND(T39,0)),"","INCORRECT") | X52: (a) Stated as a percentage - two decimal place
C53: Income / (loss) before income taxes | D53: =IF((ROUND((D40+D41),2))=(ROUND(D42,2)),"","INCORRECT") | E53: =IF((ROUND((E40+E41),2))=(ROUND(E42,2)),"","INCORRECT") | F53: =IF((ROUND((F40+F41),2))=(ROUND(F42,2)),"","INCORRECT") | J53: Goodwill and other intangible assets | K53: =IF((ROUND((D11/F11*100),0))=(ROUND(K38,0)),"","INCORRECT") | L53: =IF((ROUND((E11/F11*100),0))=(ROUND(L38,0)),"","INCORRECT") | M53: =IF((ROUND((F11/F11*100),0))=(ROUND(M38,0)),"","INCORRECT") | Q53: Operating Income | R53: =IF((ROUND((D40/F40*100),0))=(ROUND(R40,0)),"","INCORRECT") | S53: =IF((ROUND((E40/F40*100),0))=(ROUND(S40,0)),"","INCORRECT") | T53: =IF((ROUND((F40/F40*100),0))=(ROUND(T40,0)),"","INCORRECT") | X53: (b) Stated as a factor - two decimal place
C54: Income / (loss) from continuing operations | D54: =IF((ROUND((D42-D43),2))=(ROUND(D44,2)),"","INCORRECT") | E54: =IF((ROUND((E42-E43),2))=(ROUND(E44,2)),"","INCORRECT") | F54: =IF((ROUND((F42-F43),2))=(ROUND(F44,2)),"","INCORRECT") | J54: Other assets | K54: =IF((ROUND((D12/F12*100),0))=(ROUND(K39,0)),"","INCORRECT") | L54: =IF((ROUND((E12/F12*100),0))=(ROUND(L39,0)),"","INCORRECT") | M54: =IF((ROUND((F12/F12*100),0))=(ROUND(M39,0)),"","INCORRECT") | Q54: Non-operating revenues and expenses | R54: =IF((ROUND((D41/F41*100),0))=(ROUND(R41,0)),"","INCORRECT") | S54: =IF((ROUND((E41/F41*100),0))=(ROUND(S41,0)),"","INCORRECT") | T54: =IF((ROUND((F41/F41*100),0))=(ROUND(T41,0)),"","INCORRECT")
C55: Net income / (loss) | D55: =IF((ROUND((D44+D45),2))=(ROUND(D46,2)),"","INCORRECT") | E55: =IF((ROUND((E44+E45),2))=(ROUND(E46,2)),"","INCORRECT") | F55: =IF((ROUND((F44+F45),2))=(ROUND(F46,2)),"","INCORRECT") | J55: Total assets | K55: =IF((ROUND((D13/F13*100),0))=(ROUND(K40,0)),"","INCORRECT") | L55: =IF((ROUND((E13/F13*100),0))=(ROUND(L40,0)),"","INCORRECT") | M55: =IF((ROUND((F13/F13*100),0))=(ROUND(M40,0)),"","INCORRECT") | Q55: Income before income taxes | R55: =IF((ROUND((D42/F42*100),0))=(ROUND(R42,0)),"","INCORRECT") | S55: =IF((ROUND((E42/F42*100),0))=(ROUND(S42,0)),"","INCORRECT") | T55: =IF((ROUND((F42/F42*100),0))=(ROUND(T42,0)),"","INCORRECT") | X55: DuPont Analysis of Return on Equity
Q56: Provision for income tax | R56: =IF((ROUND((D43/F43*100),0))=(ROUND(R43,0)),"","INCORRECT") | S56: =IF((ROUND((E43/F43*100),0))=(ROUND(S43,0)),"","INCORRECT") | T56: =IF((ROUND((F43/F43*100),0))=(ROUND(T43,0)),"","INCORRECT")
J57: Current liabilities | K57: =IF((ROUND((D15/F15*100),0))=(ROUND(K42,0)),"","INCORRECT") | L57: =IF((ROUND((E15/F15*100),0))=(ROUND(L42,0)),"","INCORRECT") | M57: =IF((ROUND((F15/F15*100),0))=(ROUND(M42,0)),"","INCORRECT") | Q57: Income from continuing operations | R57: =IF((ROUND((D44/F44*100),0))=(ROUND(R44,0)),"","INCORRECT") | S57: =IF((ROUND((E44/F44*100),0))=(ROUND(S44,0)),"","INCORRECT") | T57: =IF((ROUND((F44/F44*100),0))=(ROUND(T44,0)),"","INCORRECT") | X57: Ratio | Y57: Return on Sales (ROS) | Z57: x Asset Turnover | AA57: = Return on Assets (ROA) | AB57: x Financial Leverage | AC57: = Return on Equity (ROE)
C58: Condensed - Statement of Cash Flows | J58: Long-term liabilities | K58: =IF((ROUND((D16/F16*100),0))=(ROUND(K43,0)),"","INCORRECT") | L58: =IF((ROUND((E16/F16*100),0))=(ROUND(L43,0)),"","INCORRECT") | M58: =IF((ROUND((F16/F16*100),0))=(ROUND(M43,0)),"","INCORRECT") | Q58: Nonrecurring items | R58: =IF((ROUND((D45/F45*100),0))=(ROUND(R45,0)),"","INCORRECT") | S58: =IF((ROUND((E45/F45*100),0))=(ROUND(S45,0)),"","INCORRECT") | T58: =IF((ROUND((F45/F45*100),0))=(ROUND(T45,0)),"","INCORRECT")
J59: Total liabilities | K59: =IF((ROUND((D17/F17*100),0))=(ROUND(K44,0)),"","INCORRECT") | L59: =IF((ROUND((E17/F17*100),0))=(ROUND(L44,0)),"","INCORRECT") | M59: =IF((ROUND((F17/F17*100),0))=(ROUND(M44,0)),"","INCORRECT") | Q59: Net income | R59: =IF((ROUND((D46/F46*100),0))=(ROUND(R46,0)),"","INCORRECT") | S59: =IF((ROUND((E46/F46*100),0))=(ROUND(S46,0)),"","INCORRECT") | T59: =IF((ROUND((F46/F46*100),0))=(ROUND(T46,0)),"","INCORRECT") | X59: Type | Y59: Profitability | Z59: Efficiency | AB59: Solvency
C60: $ in millions (one decimal place) | D60: Current Year | E60: Prior Year | F60: Base Year | J60: Contributed capital | K60: =IF((ROUND((D18/F18*100),0))=(ROUND(K45,0)),"","INCORRECT") | L60: =IF((ROUND((E18/F18*100),0))=(ROUND(L45,0)),"","INCORRECT") | M60: =IF((ROUND((F18/F18*100),0))=(ROUND(M45,0)),"","INCORRECT") | X60: Formula | Y60: Net Income / Revenue | Z60: Revenue / Total Assets | AA60: Net Income / Total Assets | AB60: Total Assets / Total Equity | AC60: Net Income / Total Equity
C61: Beginning cash balance | D61: ='Orig CF'!D51 -> 4335.8 | E61: ='Orig CF'!G51 -> 4162.2 | F61: ='Orig CF'!J51 -> 3787 | J61: Retained earnings | K61: =IF((ROUND((D19/F19*100),0))=(ROUND(K46,0)),"","INCORRECT") | L61: =IF((ROUND((E19/F19*100),0))=(ROUND(L46,0)),"","INCORRECT") | M61: =IF((ROUND((F19/F19*100),0))=(ROUND(M46,0)),"","INCORRECT")
C62: Net cash inflow / (outflow) from operating activities | D62: ='Orig CF'!D21 -> 2199.8 | E62: ='Orig CF'!G21 -> 3769.7 | F62: ='Orig CF'!J21 -> 3758.8 | J62: Treasury stock and other equity | K62: =IF((ROUND((D20/F20*100),0))=(ROUND(K47,0)),"","INCORRECT") | L62: =IF((ROUND((E20/F20*100),0))=(ROUND(L47,0)),"","INCORRECT") | M62: =IF((ROUND((F20/F20*100),0))=(ROUND(M47,0)),"","INCORRECT") | X62: Current year-end | Y62: =D46/D36 -> 0.072608171 | Z62: =D36/D13 -> 0.45203485 | AA62: =D46/D13 -> 0.032821423 | AB62: =D13/D21 -> 6.8709907 | AC62: =D46/D21 -> 0.22551569
C63: Net cash inflow / (outflow) from investing activities | D63: ='Orig CF'!D35 -> -1644.3 | E63: ='Orig CF'!G35 -> -1177.2 | F63: ='Orig CF'!J35 -> -1058.7 | J63: Total equity | K63: =IF((ROUND((D21/F21*100),0))=(ROUND(K48,0)),"","INCORRECT") | L63: =IF((ROUND((E21/F21*100),0))=(ROUND(L48,0)),"","INCORRECT") | M63: =IF((ROUND((F21/F21*100),0))=(ROUND(M48,0)),"","INCORRECT") | X63: Prior year-end | Y63: =E46/E36 -> 0.057104789 | Z63: =E36/E13 -> 0.46002573 | AA63: =E46/E13 -> 0.026269672 | AB63: =E13/E21 -> 8.8495447 | AC63: =E46/E21 -> 0.23247464
C64: Net cash inflow / (outflow) from financing activities | D64: ='Orig CF'!D46 -> 4286.5 | E64: ='Orig CF'!G46 -> -2405.9 | F64: ='Orig CF'!J46 -> -2137.6 | X64: Base year-end | Y64: =F46/F36 -> 0.067245728 | Z64: =F36/F13 -> 0.49808448 | AA64: =F46/F13 -> 0.033494053 | AB64: =F13/F21 -> 8.5751746 | AC64: =F46/F21 -> 0.28721736
C65: Effect of exchange rate changes & other | D65: ='Orig CF'!D48 -> 157.1 | E65: ='Orig CF'!G48 -> -13 | F65: ='Orig CF'!J48 -> -187.3
C66: Ending cash balance | D66: ='Orig CF'!D53 -> 9334.9 | E66: ='Orig CF'!G53 -> 4335.8 | F66: ='Orig CF'!J53 -> 4162.2
C68: Checks - Cash flow statement | X68: Checks - DuPont Analysis of Return on Equity
C69: Foots? (a) | D69: =IF((ROUND((D61+D62+D63+D64+D65),2))=(ROUND(D66,2)),"", "INCORRECT") | E69: =IF((ROUND((E61+E62+E63+E64+E65),2))=(ROUND(E66,2)),"", "INCORRECT") | F69: =IF((ROUND((F61+F62+F63+F64+F65),2))=(ROUND(F66,2)),"", "INCORRECT") | X69: Ratio | Y69: Return on Sales (ROS) | Z69: x Asset Turnover | AA69: = Return on Assets (ROA) | AB69: x Financial Leverage | AC69: = Return on Equity (ROE)
C71: (a) "Foots?" means does it add down. In the case of the Statement of Cash Flows, does the Beginning cash balance plus or minus the net Operating, Investing and Financing activities equal the Ending cash balance. | X71: Type | Y71: Profitability | Z71: Efficiency | AB71: Solvency
X72: Formula | Y72: Net Income / Revenue | Z72: Revenue / Total Assets | AA72: Net Income / Total Assets | AB72: Total Assets / Total Equity | AC72: Net Income / Total Equity
X74: Current year-end | Y74: =IF((ROUND(Y62,3))=(ROUND(R19,3)),"","INCORRECT") | Z74: =IF((ROUND(Z62,2))=(ROUND(D36/D13,2)),"","INCORRECT") | AA74: =IF((ROUND((Y62*Z62),3))=(ROUND(AA62,3)),"","INCORRECT") | AB74: =IF((ROUND(D13/D21,3))=(ROUND(AB62,3)),"","INCORRECT") | AC74: =IF((ROUND((AA62*AB62),3))=(ROUND(AC62,3)),"","INCORRECT")
X75: Prior year-end | Y75: =IF((ROUND(Y63,3))=(ROUND(S19,3)),"","INCORRECT") | Z75: =IF((ROUND(Z63,2))=(ROUND(E36/E13,2)),"","INCORRECT") | AA75: =IF((ROUND((Y63*Z63),3))=(ROUND(AA63,3)),"","INCORRECT") | AB75: =IF((ROUND(E13/E21,3))=(ROUND(AB63,3)),"","INCORRECT") | AC75: =IF((ROUND((AA63*AB63),3))=(ROUND(AC63,3)),"","INCORRECT")
X76: Base year-end | Y76: =IF((ROUND(Y64,3))=(ROUND(T19,3)),"","INCORRECT") | Z76: =IF((ROUND(Z64,2))=(ROUND(F36/F13,2)),"","INCORRECT") | AA76: =IF((ROUND((Y64*Z64),3))=(ROUND(AA64,3)),"","INCORRECT") | AB76: =IF((ROUND(F13/F21,3))=(ROUND(AB64,3)),"","INCORRECT") | AC76: =IF((ROUND((AA64*AB64),3))=(ROUND(AC64,3)),"","INCORRECT")

Sheet BS OUTPUT
A1: Name of company
A3: Common-Sized Balance Sheet
A5: $ in millions | B5: Current Year | C5: Prior Year | D5: Base Year
A6: Current assets
A7: Property, plant, and equipment, net
A8: Goodwill and other intangible assets
A9: Other assets
A10: Total assets | B10: 1 | C10: 1 | D10: 1
A12: Current liabilities
A13: Long-term liabilities
A14: Total liabilities
A15: Contributed capital
A16: Retained earnings
A17: Treasury stock and other equity
A18: Total equity
A21: Trend Analysis - Balance Sheet
A22: $ in millions | B22: Current Year | C22: Prior Year | D22: Base Year
A23: Current assets | D23: 100
A24: Property, plant, and equipment, net
A25: Goodwill and other intangible assets
A26: Other assets
A27: Total assets
A29: Current liabilities
A30: Long-term liabilities
A31: Total liabilities
A32: Contributed capital
A33: Retained earnings
A34: Treasury stock and other equity
A35: Total equity

Sheet IS OUTPUT
A1: Name of company
A3: Common-Sized Income Statement
A5: $ in millions | B5: Current Year | C5: Prior Year | D5: Base Year
A6: Net sales | B6: 1 | C6: 1 | D6: 1
A7: Cost of goods sold
A8: Gross profit
A9: Operating expenses
A10: Operating Income
A11: Non-operating revenues and expenses
A12: Income before income taxes
A13: Provision for income tax
A14: Income from continuing operations
A15: Nonrecurring items
A16: Net income
A19: Trend Analysis - Income Statement
A21: $ in millions | B21: Current Year | C21: Prior Year | D21: Base Year
A22: Net sales | D22: 100
A23: Cost of goods sold
A24: Gross profit
A25: Operating expenses
A26: Operating Income
A27: Non-operating revenues and expenses
A28: Income before income taxes
A29: Provision for income tax
A30: Income from continuing operations
A31: Nonrecurring items
A32: Net income

Sheet Ratio OUTPUT
A1: Name of company
A2: Enter Industry Name Here (from www.msn.com/money)
A4: Financial Ratio Analysis
E6: Company Ratios | M6: Do not change:
A7: Title of Ratio | C7: Industry Ratios | D7: Change | E7: Current Year | F7: Prior Year | M7: a | N7: b | O7: c | P7: d | Q7: e
A8: Profitability Ratios
A9: Return on sales (ROS) | C9: % | E9: % | F9: % | M9: Stronger | N9: Increase | O9: Quicker | P9: More liquid | Q9: More risk
A10: Return on assets (ROA) | C10: % | E10: % | F10: % | M10: Weaker | N10: Decrase | O10: Slower | P10: Less liquid | Q10: Less risk
A11: Return on equity (ROE) | C11: % | E11: % | F11: %
A12: Asset Management Efficiency Ratios
A13: Accounts receivable turnover | C13: XXXXX
A14: Inventory turnover
A15: Asset turnover
A16: Liquidity Ratios
A17: Current ratio
A18: Long-term Solvency Ratios
A19: Debt ratio | C19: XXXXX | E19: % | F19: %
A20: Financial leverage
A24: DuPont Analysis of ROE
A26: Ratio | B26: Return on Sales (ROS) | C26: x Asset Turnover | D26: = Return on Assets (ROA) | E26: x Financial Leverage | F26: = Return on Equity (ROE)
A27: Type | B27: Profitability | C27: Efficiency | E27: Solvency
A28: Formula | B28: Net Income / Revenue | C28: Revenue / Total Assets | D28: Net Income / Total Assets | E28: Total Assets / Total Equity | F28: Net Income / Total Equity
A29: Your company | B29: % | D29: % | F29: %

Sheet Orig BS - Current year
B1: 2017 | E1: 2016
A2: ASSETS
A3: Cash and cash equivalents | C3: $ | D3: 9334.9 | F3: $ | G3: 4335.8
A4: Marketable securities | D4: 451.6 | G4: 453.5
A5: Receivables from unconsolidated affiliates | D5: 35.9 | G5: 16.5
A6: Trade accounts and notes receivable – net | D6: 3924.9 | G6: 3011.3
A7: Financing receivables – net | D7: 25104.1 | G7: 23702.3
A8: Financing receivables securitized – net | D8: 4158.8 | G8: 5126.5
A9: Other receivables | D9: 1200 | G9: 1018.5
A10: Equipment on operating leases – net | D10: 6593.7 | G10: 5901.5
A11: Inventories | D11: 3904.1 | G11: 3340.5
A12: Property and equipment – net | D12: 5067.7 | G12: 5170.6
A13: Investments in unconsolidated affiliates | D13: 182.5 | G13: 232.6
A14: Goodwill | D14: 1033.3 | G14: 815.7
A15: Other intangible assets – net | D15: 218 | G15: 104.1
... A18: Other assets | D18: 1623.6 | G18: 1631.1
A19: ​ | B19: ​ | C19: ​ | D19: ​ | E19: ​ | F19: ​ | G19: ​ | H19: ​
A20: Total Assets | C20: $ | D20: 65786.3 | F20: $ | G20: 57918.5
A21: ​ | B21: ​ | C21: ​ | D21: ​ | E21: ​ | F21: ​ | G21: ​ | H21: ​
A22: ​ | B22: ​ | C22: ​ | D22: ​ | E22: ​ | F22: ​ | G22: ​ | H22: ​
A23: ​ | B23: ​ | C23: ​ | D23: ​ | E23: ​ | F23: ​ | G23: ​ | H23: ​
A24: LIABILITIES AND STOCKHOLDERS' EQUITY
A25: LIABILITIES
A26: Short-term borrowings | C26: $ | D26: 10035.3 | F26: $ | G26: 6910.7
A27: Short-term securitization borrowings | D27: 4118.7 | G27: 4997.8
A28: Payables to unconsolidated affiliates | D28: 121.9 | G28: 81.6
A29: Accounts payable and accrued expenses | D29: 8417 | G29: 7240.1
A30: Deferred income taxes | D30: 209.7 | G30: 166
A31: Long-term borrowings | D31: 25891.3 | G31: 23703
A32: Retirement benefits and other liabilities | D32: 7417.9 | G32: 8274.5
A33: ​ | B33: ​ | C33: ​ | D33: ​ | E33: ​ | F33: ​ | G33: ​ | H33: ​
A34: Total liabilities | D34: 56211.8 | G34: 51373.7
A35: ​ | B35: ​ | C35: ​ | D35: ​ | E35: ​ | F35: ​ | G35: ​ | H35: ​
A36: Commitments and contingencies (Note 22)
A37: Redeemable noncontrolling interest (Note 4) | D37: 14 | G37: 14
A38: STOCKHOLDERS' EQUITY
A39: Common stock, $1 par value (authorized – 1,200,000,000 shares; | D39: 4280.5 | G39: 3911.8
A40: issued – 536,431,204 shares in 2017 and 2016), at paid-in amount
A41: Common stock in treasury, 214,589,902 shares in 2017 and 221,663,380 shares in 2016, at cost | D41: -15460.8 | E41: ) | G41: -15677.1 | H41: )
A42: Retained earnings | D42: 25301.3 | G42: 23911.3
A43: Accumulated other comprehensive income (loss) | D43: -4563.7 | E43: ) | G43: -5626 | H43: )
A44: ​ | B44: ​ | C44: ​ | D44: ​ | E44: ​ | F44: ​ | G44: ​ | H44: ​
A45: Total Deere & Company stockholders' equity | D45: 9557.3 | G45: 6520
A46: Noncontrolling interests | D46: 3.2 | G46: 10.8
A47: ​ | B47: ​ | C47: ​ | D47: ​ | E47: ​ | F47: ​ | G47: ​ | H47: ​
A48: Total stockholders' equity | D48: 9560.5 | G48: 6530.8
A49: ​ | B49: ​ | C49: ​ | D49: ​ | E49: ​ | F49: ​ | G49: ​ | H49: ​
A50: Total Liabilities and Stockholders' Equity | C50: $ | D50: 65786.3 | F50: $ | G50: 57918.5

Sheet Orig BS - Prior year
G1: 2015
A2: ASSETS
A3: Cash and cash equivalents | C3: $ | D3: 4335.8 | F3: $ | G3: 4162.2
A4: Marketable securities | D4: 453.5 | G4: 437.4
A5: Receivables from unconsolidated affiliates | D5: 16.5 | G5: 33.3
A6: Trade accounts and notes receivable – net | D6: 3011.3 | G6: 3051.1
A7: Financing receivables – net | D7: 23702.3 | G7: 24809
A8: Financing receivables securitized – net | D8: 5126.5 | G8: 4834.6
A9: Other receivables | D9: 1018.5 | G9: 991.2
A10: Equipment on operating leases – net | D10: 5901.5 | G10: 4970.4
A11: Inventories | D11: 3340.5 | G11: 3817
A12: Property and equipment – net | D12: 5170.6 | G12: 5181.5
A13: Investments in unconsolidated affiliates | D13: 232.6 | G13: 303.5
A14: Goodwill | D14: 815.7 | G14: 726
A15: Other intangible assets – net | D15: 104.1 | G15: 63.6
... A18: Other assets | D18: 1694 | G18: 1583.9
A19: ​ | B19: ​ | C19: ​ | D19: ​ | E19: ​ | F19: ​ | G19: ​ | H19: ​
A20: Total Assets | C20: $ | D20: 57981.4 | F20: $ | G20: 57947.6
A21: ​ | B21: ​ | C21: ​ | D21: ​ | E21: ​ | F21: ​ | G21: ​ | H21: ​
A22: ​ | B22: ​ | C22: ​ | D22: ​ | E22: ​ | F22: ​ | G22: ​ | H22: ​
A23: ​ | B23: ​ | C23: ​ | D23: ​ | E23: ​ | F23: ​ | G23: ​ | H23: ​
A24: LIABILITIES AND STOCKHOLDERS' EQUITY
A25: LIABILITIES
A26: Short-term borrowings | C26: $ | D26: 6912.2 | F26: $ | G26: 8426.6
A27: Short-term securitization borrowings | D27: 5002.5 | G27: 4590
A28: Payables to unconsolidated affiliates | D28: 81.6 | G28: 80.6
A29: Accounts payable and accrued expenses | D29: 7240.1 | G29: 7311.5
A30: Deferred income taxes | D30: 166 | G30: 160.8
A31: Long-term borrowings | D31: 23759.7 | G31: 23832.8
A32: Retirement benefits and other liabilities | D32: 8274.5 | G32: 6787.7
A33: ​ | B33: ​ | C33: ​ | D33: ​ | E33: ​ | F33: ​ | G33: ​ | H33: ​
A34: Total liabilities | D34: 51436.6 | G34: 51190
A35: ​ | B35: ​ | C35: ​ | D35: ​ | E35: ​ | F35: ​ | G35: ​ | H35: ​
A36: Commitments and contingencies (Note 22)
A37: Redeemable noncontrolling interest (Note 4) | D37: 14
A38: STOCKHOLDERS' EQUITY
A39: Common stock, $1 par value (authorized – 1,200,000,000 shares; | D39: 3911.8 | G39: 3825.6
A40: issued – 536,431,204 shares in 2016 and 2015), at paid-in amount
A41: Common stock in treasury, 221,663,380 shares in 2016 and 219,743,893 shares in 2015, at cost | D41: (15,677.1 | E41: ) | G41: -15497.6 | H41: )
A42: Retained earnings | D42: 23911.3 | G42: 23144.8
A43: Accumulated other comprehensive income (loss) | D43: (5,626.0 | E43: ) | G43: -4729.4 | H43: )
A44: ​ | B44: ​ | C44: ​ | D44: ​ | E44: ​ | F44: ​ | G44: ​ | H44: ​
A45: Total Deere & Company stockholders' equity | D45: 6520 | G45: 6743.4
A46: Noncontrolling interests | D46: 10.8 | G46: 14.2
A47: ​ | B47: ​ | C47: ​ | D47: ​ | E47: ​ | F47: ​ | G47: ​ | H47: ​
A48: Total stockholders' equity | D48: 6530.8 | G48: 6757.6
A49: ​ | B49: ​ | C49: ​ | D49: ​ | E49: ​ | F49: ​ | G49: ​ | H49: ​
A50: Total Liabilities and Stockholders' Equity | C50: $ | D50: 57981.4 | F50: $ | G50: 57947.6

Sheet Orig IS
B1: 2017 | E1: 2016 | H1: 2015
A2: Net Sales and Revenues
A3: Net sales | C3: $ | D3: 25885.1 | F3: $ | G3: 23387.3 | I3: $ | J3: 25775.2
A4: Finance and interest income | D4: 2731.5 | G4: 2511.2 | J4: 2381.1
A5: Other income | D5: 1121.1 | G5: 745.5 | J5: 706.5
A6: ​ | B6: ​ | C6: ​ | D6: ​ | E6: ​ | F6: ​ | G6: ​ | H6: ​ | I6: ​ | J6: ​ | K6: ​
A7: Total | D7: 29737.7 | G7: 26644 | J7: 28862.8
A8: ​ | B8: ​ | C8: ​ | D8: ​ | E8: ​ | F8: ​ | G8: ​ | H8: ​ | I8: ​ | J8: ​ | K8: ​
A9: Costs and Expenses
A10: Cost of sales | D10: 19933.5 | G10: 18248.9 | J10: 20143.2
A11: Research and development expenses | D11: 1367.7 | G11: 1389.1 | J11: 1425.1
A12: Selling, administrative and general expenses | D12: 3066.6 | G12: 2763.7 | J12: 2873.3
A13: Interest expense | D13: 899.5 | G13: 763.7 | J13: 680
A14: Other operating expenses | D14: 1316.6 | G14: 1254.6 | J14: 961.1
A15: ​ | B15: ​ | C15: ​ | D15: ​ | E15: ​ | F15: ​ | G15: ​ | H15: ​ | I15: ​ | J15: ​ | K15: ​
A16: Total | D16: 26583.9 | G16: 24420 | J16: 26082.7
A17: ​ | B17: ​ | C17: ​ | D17: ​ | E17: ​ | F17: ​ | G17: ​ | H17: ​ | I17: ​ | J17: ​ | K17: ​
A18: Income of Consolidated Group before Income Taxes | D18: 3153.8 | G18: 2224 | J18: 2780.1
A19: Provision for income taxes | D19: 971.1 | G19: 700.1 | J19: 840.1
A20: ​ | B20: ​ | C20: ​ | D20: ​ | E20: ​ | F20: ​ | G20: ​ | H20: ​ | I20: ​ | J20: ​ | K20: ​
A21: Income of Consolidated Group | D21: 2182.7 | G21: 1523.9 | J21: 1940
A22: Equity in income (loss) of unconsolidated affiliates | D22: -23.5 | E22: ) | G22: -2.4 | H22: ) | J22: 0.9
A23: ​ | B23: ​ | C23: ​ | D23: ​ | E23: ​ | F23: ​ | G23: ​ | H23: ​ | I23: ​ | J23: ​ | K23: ​
A24: Net Income | D24: 2159.2 | G24: 1521.5 | J24: 1940.9
A25: Less: Net income (loss) attributable to noncontrolling interests | D25: 0.1 | G25: (2.4 | H25: ) | J25: 0.9
A26: ​ | B26: ​ | C26: ​ | D26: ​ | E26: ​ | F26: ​ | G26: ​ | H26: ​ | I26: ​ | J26: ​ | K26: ​
A27: Net Income Attributable to Deere & Company | C27: $ | D27: 2159.1 | F27: $ | G27: 1523.9 | I27: $ | J27: 1940
A28: ​ | B28: ​ | C28: ​ | D28: ​ | E28: ​ | F28: ​ | G28: ​ | H28: ​ | I28: ​ | J28: ​ | K28: ​
A29: ​ | B29: ​ | C29: ​ | D29: ​ | E29: ​ | F29: ​ | G29: ​ | H29: ​ | I29: ​ | J29: ​ | K29: ​
A30: ​ | B30: ​ | C30: ​ | D30: ​ | E30: ​ | F30: ​ | G30: ​ | H30: ​ | I30: ​ | J30: ​ | K30: ​
A31: Per Share Data
A32: Basic | C32: $ | D32: 6.76 | F32: $ | G32: 4.83 | I32: $ | J32: 5.81
A33: Diluted | C33: $ | D33: 6.68 | F33: $ | G33: 4.81 | I33: $ | J33: 5.77
A34: Dividends declared | C34: $ | D34: 2.4 | F34: $ | G34: 2.4 | I34: $ | J34: 2.4
A35: Average Shares Outstanding
A36: Basic | D36: 319.5 | G36: 315.2 | J36: 333.6
A37: Diluted | D37: 323.3 | G37: 316.6 | J37: 336

Sheet Orig CF
B1: 2017 | E1: 2016 | H1: 2015
A2: Cash Flows from Operating Activities
A3: Net income | C3: $ | D3: 2159.2 | F3: $ | G3: 1521.5 | I3: $ | J3: 1940.9
A4: Adjustments to reconcile net income to net cash provided by operating activities:
A5: Provision for credit losses | D5: 98.3 | G5: 94.3 | J5: 55.4
A6: Provision for depreciation and amortization | D6: 1715.5 | G6: 1559.8 | J6: 1382.4
A7: Impairment charges | D7: 39.8 | G7: 85.1 | J7: 34.8
A8: Share-based compensation expense | D8: 68.1 | G8: 70.6 | J8: 66.1
A9: Gain on sale of unconsolidated affiliates and investments | D9: (375.1 | E9: ) | G9: (74.5 | H9: )
A10: Undistributed earnings of unconsolidated affiliates | D10: (14.4 | E10: ) | G10: (1.9 | H10: ) | J10: (1.0 | K10: )
A11: Provision (credit) for deferred income taxes | D11: 100.1 | G11: 282.7 | J11: (18.4 | K11: )
A12: Changes in assets and liabilities:
A13: Trade, notes and financing receivables related to sales | D13: (838.9 | E13: ) | G13: 335.2 | J13: 811.6
A14: Insurance receivables | J14: 333.4
A15: Inventories | D15: (1,305.3 | E15: ) | G15: (106.1 | H15: ) | J15: (691.4 | K15: )
A16: Accounts payable and accrued expenses | D16: 968 | G16: (155.2 | H16: ) | J16: (503.6 | K16: )
A17: Accrued income taxes payable/receivable | D17: (84.2 | E17: ) | G17: 7 | J17: (119.1 | K17: )
A18: Retirement benefits | D18: (31.9 | E18: ) | G18: 238.6 | J18: 427.5
A19: Other | D19: (299.4 | E19: ) | G19: (87.4 | H19: ) | J19: 40.2
A20: ​ | B20: ​ | C20: ​ | D20: ​ | E20: ​ | F20: ​ | G20: ​ | H20: ​ | I20: ​ | J20: ​ | K20: ​
A21: Net cash provided by operating activities | D21: 2199.8 | G21: 3769.7 | J21: 3758.8
A22: ​ | B22: ​ | C22: ​ | D22: ​ | E22: ​ | F22: ​ | G22: ​ | H22: ​ | I22: ​ | J22: ​ | K22: ​
A23: Cash Flows from Investing Activities
A24: Collections of receivables (excluding receivables related to sales) | D24: 14671.1 | G24: 14611.4 | J24: 14919.7
A25: Proceeds from maturities and sales of marketable securities | D25: 404.2 | G25: 169.4 | J25: 860.7
A26: Proceeds from sales of equipment on operating leases | D26: 1440.8 | G26: 1256.2 | J26: 1049.4
A27: Proceeds from sales of businesses and unconsolidated affiliates, net of cash sold | D27: 113.9 | G27: 81.1 | J27: 149.2
A28: Cost of receivables acquired (excluding receivables related to sales) | D28: (15,221.8 | E28: ) | G28: (13,954.5 | H28: ) | J28: (14,996.5 | K28: )
A29: Purchases of marketable securities | D29: (118.0 | E29: ) | G29: (171.2 | H29: ) | J29: (154.9 | K29: )
A30: Purchases of property and equipment | D30: (594.9 | E30: ) | G30: (644.4 | H30: ) | J30: (694.0 | K30: )
A31: Cost of equipment on operating leases acquired | D31: (1,997.4 | E31: ) | G31: (2,310.7 | H31: ) | J31: (2,132.1 | K31: )
A32: Acquisitions of businesses, net of cash acquired | D32: (284.2 | E32: ) | G32: (198.5 | H32: )
A33: Other | D33: (58.0 | E33: ) | G33: (16.0 | H33: ) | J33: (60.2 | K33: )
A34: ​ | B34: ​ | C34: ​ | D34: ​ | E34: ​ | F34: ​ | G34: ​ | H34: ​ | I34: ​ | J34: ​ | K34: ​
A35: Net cash used for investing activities | D35: -1644.3 | E35: ) | G35: -1177.2 | H35: ) | J35: -1058.7 | K35: )
A36: ​ | B36: ​ | C36: ​ | D36: ​ | E36: ​ | F36: ​ | G36: ​ | H36: ​ | I36: ​ | J36: ​ | K36: ​
A37: Cash Flows from Financing Activities
A38: Increase (decrease) in total short-term borrowings | D38: 1310.6 | G38: (1,213.6 | H38: ) | J38: 501.6
A39: Proceeds from long-term borrowings | D39: 8702.2 | G39: 5070.7 | J39: 5711
A40: Payments of long-term borrowings | D40: (5,397.0 | E40: ) | G40: (5,267.6 | H40: ) | J40: (4,863.2 | K40: )
A41: Proceeds from issuance of common stock | D41: 528.7 | G41: 36 | J41: 172.1
A42: Repurchases of common stock | D42: (6.2 | E42: ) | G42: (205.4 | H42: ) | J42: (2,770.7 | K42: )
A43: Dividends paid | D43: (764.0 | E43: ) | G43: (761.3 | H43: ) | J43: (816.3 | K43: )
A44: Other | D44: (87.8 | E44: ) | G44: (64.7 | H44: ) | J44: (72.1 | K44: )
A45: ​ | B45: ​ | C45: ​ | D45: ​ | E45: ​ | F45: ​ | G45: ​ | H45: ​ | I45: ​ | J45: ​ | K45: ​
A46: Net cash provided by (used for) financing activities | D46: 4286.5 | G46: -2405.9 | H46: ) | J46: -2137.6 | K46: )
A47: ​ | B47: ​ | C47: ​ | D47: ​ | E47: ​ | F47: ​ | G47: ​ | H47: ​ | I47: ​ | J47: ​ | K47: ​
A48: Effect of Exchange Rate Changes on Cash and Cash Equivalents | D48: 157.1 | G48: -13 | H48: ) | J48: -187.3 | K48: )
A49: ​ | B49: ​ | C49: ​ | D49: ​ | E49: ​ | F49: ​ | G49: ​ | H49: ​ | I49: ​ | J49: ​ | K49: ​
A50: Net Increase in Cash and Cash Equivalents | D50: 4999.1 | G50: 173.6 | J50: 375.2
A51: Cash and Cash Equivalents at Beginning of Year | D51: 4335.8 | G51: 4162.2 | J51: 3787
A52: ​ | B52: ​ | C52: ​ | D52: ​ | E52: ​ | F52: ​ | G52: ​ | H52: ​ | I52: ​ | J52: ​ | K52: ​
A53: Cash and Cash Equivalents at End of Year | C53: $ | D53: 9334.9 | F53: $ | G53: 4335.8 | I53: $ | J53: 4162.2

Sheet Formula INFO
B3: RATIO | C3: FORMULA | D3: Also referred to as…
B4: Profitability Ratios
B5: Return on sales (ROS) | C5: = Net income / Revenue | D5: Net profit margin
B6: Return on assets (ROA) | C6: = Net income / Total assets
B7: Return on equity (ROE) | C7: = Net income / Stockholders' equity
B8: DuPont Analysis of ROE | C8: = ROS x Asset turnover = ROA x Financial leverage = ROE
B9: Asset Management Efficiency Ratios
B10: Accounts receivable turnover | C10: = Revenue / Accounts receivable | D10: Receivable turnover
B11: Inventory turnover | C11: = Cost of goods sold / Inventory
B12: Asset turnover | C12: = Revenue / Total assets
B13: Liquidity Ratios
B14: Current ratio | C14: = Current assets / Current liabilities
B15: Long-term Solvency ratios
B16: Debt ratio | C16: = Total liabilities / Total assets
B17: Financial leverage | C17: = Total assets / Total equity | D17: Leverage ratio

Sheet Sheet2
B3: SELECT
B4: STRONGER
B5: WEAKER
